 Dungeon Crawl Stone Soup version 0.23-a0-413-g57a8110 (webtiles) character file.

44 JeffiDaFish the Grave Robber (level 3, -8/19 HPs)
             Began as a Deep Elf Necromancer on Nov 8, 2018.
             Killed from afar by Sigmund (10 damage)
             ... with a puff of flame
             ... on level 2 of the Dungeon.
             The game lasted 00:04:15 (1507 turns).

JeffiDaFish the Grave Robber (Deep Elf Necromancer) Turns: 1507, Time: 00:04:15

Health: -8/19      AC:  2    Str:  2 (5)  XL:     3   Next: 41%
Magic:  1/10       EV: 13    Int: 18 (20) God:
Gold:   73         SH:  0    Dex: 12 (15) Spells: 5/9 levels left

rFire    . . .     SeeInvis .   e - +0 dagger
rCold    . . .     Gourm    .   (no shield)
rNeg     . . .     Faith    .   d - +0 robe
rPois    .         Spirit   .   (no helmet)
rElec    .         Reflect  .   (no cloak)
rCorr    .         Harm     .   (no gloves)
MR       .....                  (no boots)
Stlth    ++........             (no amulet)
HPRegen  0.06/turn              b - ring of flight
MPRegen  0.12/turn              (no ring)

@: no status effects
A: no striking features
a: Evoke Flight


You were on level 2 of the Dungeon.
You were not hungry.

You visited 1 branch of the dungeon, and saw 2 of its levels.

You collected 73 gold pieces.

Inventory:

Hand Weapons
 e - a +0 dagger (weapon)
Armour
 a - a +0 robe
 d - a +0 robe (worn)
Jewellery
 b - a ring of flight (left hand)
Comestibles
 c - 4 rations
 f - 2 chunks of flesh


   Skills:
 + Level 3.0 Dodging
 + Level 3.1 Stealth
 + Level 3.5 Spellcasting
 * Level 5.5 Necromancy


You had 5 spell levels left.
You knew the following spells:

 Your Spells              Type           Power        Failure   Level  Hunger
a - Pain                  Necr           ###.         1%          1    None
b - Vampiric Draining     Necr           ###.......   4%          3    ###....

Your spell library contained the following spells:

 Spells                   Type           Power        Failure   Level  Hunger
 Animate Skeleton         Necr           N/A          1%          1    None
 Regeneration             Chrm/Necr      ##........   16%         3    ###....
 Animate Dead             Necr           N/A          16%         4    ####...


Dungeon Overview and Level Annotations

Branches:
Dungeon (2/15)

Altars:

Annotations:
D:2 Sigmund


Message History

You feel life coursing into your body. Something hits you!
Ouch! That really hurt!
Casting: Vampiric Draining (safe; 4% risk of failure)
Confirm with . or Enter, or press ? or * to list all spells.
Aiming: Pain (safe; 1% risk of failure)
Press: ? - help, Shift-Dir - straight line Nothing appears to happen.
Something barely misses you.
Casting: Pain (safe; 1% risk of failure)
Confirm with . or Enter, or press ? or * to list all spells.
Aiming: Pain (safe; 1% risk of failure)
Press: ? - help, Shift-Dir - straight line Nothing appears to happen.
A magic dart appears from out of thin air!
The magic dart hits you!
* * * LOW HITPOINT WARNING * * *
You aren't carrying any potions.
A puff of flame appears from out of thin air!
The puff of flame hits you!
Ouch! That really hurt!
You die...

#. #{###.# #...#
#. #.....# #...##
#. ####..## #.....
#. ##...#####...##
#. #............#
#............#
####............#
#.......#####...##
#@#......# #.....
#.#.#..#.# #...##
#.#....#.####...##
.....#.#.##.......
#.....[..##.##....
#......####.##..#.
....... ........#.
##.## ....###<#.
.#..##..#.


There were no monsters in sight!

Vanquished Creatures
  An adder (D:2)
  2 dart slugs (D:1)
  5 bats (D:1)
  2 giant cockroaches (D:1)
  5 goblins
  7 hobgoblins
  A frilled lizard (D:1)
  A kobold (D:1)
  5 rats (D:1)
29 creatures vanquished.

Notes
Turn   | Place    | Note
-------+----------+-------------------------------------------
     0 | D:1      | JeffiDaFish the Deep Elf Necromancer began the quest for
                  | the Orb.
     0 | D:1      | Reached XP level 1. HP: 10/10 MP: 6/6
   112 | D:1      | Reached skill level 5 in Necromancy
   279 | D:1      | Reached XP level 2. HP: 12/15 MP: 4/8
  1025 | D:1      | Reached XP level 3. HP: 17/19 MP: 6/9
  1435 | D:2      | Learned a level 3 spell: Vampiric Draining
  1476 | D:2      | Noticed Sigmund
  1507 | D:2      | Killed from afar by Sigmund

Vault maps used:
D:1:      wheals_arrival_linesprint, serial_glass, glass_columns_a,
          glass_columns_b, due_unseen_surprise, feat_on_display,
          kennysheep_decorative_pillar, supply_closet_lemuel
D:2:      tso_altar, corexii_shack, uniq_robin, uniq_natasha, uniq_sigmund,
          uniq_crazy_yiuf_cottage

Skill      XL: |  1  2  3 |
---------------+----------+-----
Necromancy     | 5 |  5.5
Stealth        | 3 |  3.1
Dodging        | 3 |  3.0
Spellcasting   | |  3.5

Action                   || total
-------------------------++-------
Melee: Dagger            ||    17
 Cast: Pain              ||    46
       Vampiric Draining ||     2
  Use: Potion            ||     3
       Scroll            ||     2
 Stab: Sleeping          ||     2
  Eat: Chunk             ||     2
Armor: Robe              ||     9
Dodge: Dodged            ||    45

Table legend:
 A = Non-vault XP
 B = Vault XP
 C = Vault XP percentage of total XP
 D = Non-vault monster count
 E = Vault monster count
 F = Vault count percentage of total count
                 A         B        C        D         E       F
            +---------+---------+-------+---------+---------+-------
      Total |      64 |       0 |   0.0 |      29 |       0 |   0.0
            +---------+---------+-------+---------+---------+-------
        D:1 |      47 |       0 |   0.0 |      26 |       0 |   0.0
        D:2 |      17 |       0 |   0.0 |       3 |       0 |   0.0
            +---------+---------+-------+---------+---------+-------
